 Dungeon Crawl Stone Soup version 0.28-a0-691-gad6df49e81 (webtiles) character file.

Game seed: 6148492223609491832

82 cheechan the Skirmisher (level 4, -2/57 HPs)
             Began as a Naga Chaos Knight on Oct 21, 2021.
             Was a Plaything of Xom.
             Frozen to death by an endoplasm (5 damage)
             ... on level 2 of the Dungeon.
             The game lasted 00:05:15 (1333 turns).

cheechan the Skirmisher (Naga Chaos Knight)         Turns: 1333, Time: 00:05:16

Health: -2/57      AC: 25    Str: 16    XL:     4   Next: 43%
Magic:  4/4        EV:  9    Int: 12    God:    Xom [..*...]
Gold:   37         SH:  0    Dex:  8    Spells: 3/3 levels left

rFire   . . .      SeeInvis +   a - +0 hand axe (chaos)
rCold   . . .      Faith    .   (no shield)
rNeg    + . .      Spirit   .   (armour currently unavailable)
rPois   ∞          Reflect  .   (no helmet)
rElec   +          Harm     .   (no cloak)
rCorr   .          Rampage  .   (gloves currently unavailable)
Will    .....                   (no barding)
Stlth   +.........              (no amulet)
HPRegen 0.19/turn               h - +4 ring of protection
MPRegen 0.09/turn               (no ring)

@: statue-form, very slightly contaminated, invisible, very slow
A: slow and powerful, torment resistance 1, boosted hp, AC +1, large, see
invisible, deformed body, poison resistance, (slowness 2), spit poison 1, naga
tail 1, clumsy 1, deterioration 1
a: Spit Poison, Renounce Religion


You were on level 2 of the Dungeon.
You worshipped Xom.
You were a toy of Xom.
You were a living statue of rough stone.
You visited 1 branch of the dungeon, and saw 2 of its levels.

You collected 37 gold pieces.

Inventory:

Hand Weapons
 a - a +0 hand axe of chaos (weapon)
 d - a +2 mace of protection
Missiles
 c - 25 stones
 e - 27 sling bullets
 g - 18 arrows
 i - 17 bolts
Armour
 b - a +2 leather armour (melded)
Jewellery
 h - a +4 ring of protection (left fist)
Scrolls
 j - a scroll of amnesia {unknown}
Potions
 f - a potion of magic {unknown}


   Skills:
 + Level 4.0 Fighting
 + Level 3.7 Axes
 + Level 0.5(2.3) Maces & Flails
 + Level 1.9 Armour
 + Level 1.2 Dodging


You had 3 spell levels left.
You didn't know any spells.
Your spell library was empty.

Dungeon Overview and Level Annotations

Branches:
Dungeon (2/15)

Altars:


Innate Abilities, Weirdness & Mutations

You are a living statue of rough stone.
Your actions are slow, but your melee attacks are powerful.
You are resistant to unholy torment.
Your maximum health is greatly increased.
Your equipment is partially melded.
((Your serpentine skin is tough. (AC +1)))
You have supernaturally acute eyesight. (SInv)
Armour fits poorly on your strangely shaped body.
Your system is resistant to poisons. (rPois)
((You cover ground very slowly.))
You can spit poison.
You have a snake-like lower body.
You are clumsy. (Dex -2)
Your body sometimes deteriorates upon taking damage.


Message History

The ogre shouts!
Items here: ( ) ††.
The ogre barely misses you. The gnoll hits you but does no damage.
Things that are here:
a +0 club; 2 throwing nets; a gnoll corpse You hit the ogre.
You freeze the ogre.
The ogre is lightly wounded.
The ogre closely misses you. The gnoll barely misses you.
You strike the helpless ogre from behind!
You hit the ogre.
The ogre is moderately wounded.
The ogre blinks!
The gnoll hits you but does no damage.
An endoplasm comes into view.
Found two stone staircases leading down.
The gnoll barely misses you. The gnoll hits you but does no damage.
You hit the ogre. You drain the ogre.
The ogre is heavily wounded.
You catch the helpless gnoll completely off-guard!
You hit the gnoll but do no damage.
The ogre hits you with a +0 giant spiked club!
The gnoll hits you but does no damage.
You completely miss the gnoll. You hit the ogre but do no damage.
The ogre flickers and vanishes for a moment.
The ogre hits you with a +0 giant spiked club!
* * * LOW HITPOINT WARNING * * *
The gnoll closely misses you. The gnoll closely misses you.
The endoplasm freezes you.
You are frozen.
* * * LOW HITPOINT WARNING * * *
Xom's power flows through you!
You turn into a living statue of rough stone.
Your +2 leather armour melds into your body.
The ogre misses you. The endoplasm closely misses you.
Okay, then.
Okay, then.
The endoplasm freezes you.
You are frozen.
You die...
Xom bursts into laughter!

#.######..###.........######.#.#.
#. #...........<..######..... .
..###.#######.................
........).†..............####.
..###.##).$..#.#.........# .
...##..g..#...........# .
..!####....O##..........#
......>.....J.......######
........#####8##...##
...............#...#
.......###........# ..>....
.....##... ....>......### ....#
........#.. .... ..#### ... .#
###


You could see an ogre (invisible, drained), a gnoll and an endoplasm.

Vanquished Creatures
  2 gnolls (D:2)
  3 adders (D:2)
  A dart slug (D:1)
  An endoplasm (D:1)
  4 goblins (D:1)
  4 hobgoblins
  3 jackals (D:2)
  5 kobolds (D:1)
  A ball python (D:1)
  5 bats
  2 frilled lizards (D:2)
  3 rats
34 creatures vanquished.

Notes
Turn   | Place    | Note
-------+----------+-------------------------------------------
     0 | D:1      | cheechan the Naga Chaos Knight began the quest for the Orb.
     0 | D:1      | Reached XP level 1. HP: 21/21 MP: 1/1
    31 | D:1      | XOM: silly message
    71 | D:1      | Reached XP level 2. HP: 15/28 MP: 2/2
   546 | D:1      | XOM: silly message
   697 | D:1      | XOM: silly message
   777 | D:1      | XOM: give mutations
   777 | D:1      | Gained mutation: You are clumsy. (Dex -2) [Xom's mischief]
   777 | D:1      | Gained mutation: Your body sometimes deteriorates upon
                  | taking damage. [Xom's mischief]
   819 | D:1      | XOM: silly message
   979 | D:1      | Reached XP level 3. HP: 34/34 MP: 3/3
   990 | D:2      | XOM: smoke on damage
  1088 | D:2      | XOM: divination: magic mapping
  1237 | D:2      | XOM: divination: magic mapping
  1285 | D:2      | Reached XP level 4. HP: 44/44 MP: 4/4
  1307 | D:2      | Noticed an ogre
  1311 | D:2      | XOM: potion effect (invisibility)
  1312 | D:2      | Reached skill level 4 in Fighting
  1317 | D:2      | Reached skill level 1 in Dodging
  1328 | D:2      | HP: 2/44 [ogre (12)]
  1330 | D:2      | XOM: cast spell 'Statue Form'
  1333 | D:2      | Frozen to death by an endoplasm

Illustrated notes

Levels and vault maps discovered:
D:1:      scummos_arrival_simple_fountains, layout_rooms
D:2:      layout_rooms, basic_altar,
          dreamdust_ecumenical_altar_angels_and_demons,
          kennysheep_generic_room_3

Skill      XL: |  1  2  3  4 |
---------------+-------------+-----
Fighting       | 4 |  4.0
Dodging        | 1 |  1.2
Axes           | |  3.7
Maces & Flails | |  0.5
Armour         | |  1.9

Action                   |  1- 3 |  4- 6 || total
-------------------------+-------+-------++-------
Melee: Hand axe          |    67 |    13 ||    80
       Mace              |    22 |       ||    22
 Abil: Spit Poison       |     3 |       ||     3
  Use: Scroll            |     1 |       ||     1
       Potion            |     1 |       ||     1
 Stab: Invisible         |       |     2 ||     2
Armor: Leather armour    |    65 |    13 ||    78
Dodge: Dodged            |    58 |    26 ||    84

Table legend: (Time is in decaauts)
 A = Elapsed time spent in this place.
 B = Non-inter-level travel time spent in this place.
 C = Inter-level travel time spent in this place.
 D = Time resting spent in this place.
 E = Time spent auto-exploring this place.
 F = Levels seen in this place.
 G = Mean time per level.
                   A        B        C        D        E       F      G
               +--------+--------+--------+--------+--------+-----+--------+
         Total |   1633 |   1633 |      0 |    490 |      0 |   2 |  816.5 |
       Dungeon |   1633 |   1633 |      0 |    490 |      0 |   2 |  816.5 |
               +--------+--------+--------+--------+--------+-----+--------+

Top non-repeatable levels by time:
     D:1: 1222 daAuts
     D:2: 411 daAuts
